 Dungeon Sprint DCSS version 0.28-a0-407-g69098e2f6d (webtiles) character file.

Game seed: 16788804885129679111

73022 dolemite99 the Warrior (level 15, -7/172 HPs)
             Began as a Hill Orc Fighter on Sept 5, 2021.
             Was the Champion of Cheibriados.
             Mangled by an iron golem (13 damage)
             ... in the Dungeon (Sprint V: "Ziggurat Sprint").
             The game lasted 00:19:37 (3475 turns).

dolemite99 the Warrior (Hill Orc Fighter)           Turns: 3475, Time: 00:19:38

Health: -7/172     AC: 33    Str: 50    XL:     15   Next: 42%
Magic:  4/25       EV: 13    Int: 30    God:    Cheibriados [******]
Gold:   0          SH: 33    Dex: 24    Spells: 9/14 levels left

rFire   + . .      SeeInvis .   a - +5 broad axe (flame)
rCold   + . .      Faith    .   F - +18 shield of the Gong {rElec rN+ Will+ EV-5}
rNeg    + + +      Spirit   .   c - +5 gold dragon scales
rPois   +          Reflect  .   x - +2 hood of the Assassin {Detection Stab+ Stlth++}
rElec   +          Harm     .   t - +2 ratskin cloak {*Rats rPois rN+ Str-1 Int-1 Dex+1}
rCorr   .          Rampage  .   (no gloves)
Will    +++..      NoTele   +   (no boots)
Stlth   ..........              p - amulet of Vitality {Regen+ HP+15}
HPRegen 1.38/turn               i - ring "Zidgh" {Will+ Str+6 Int+6 Dex-2}
MPRegen 0.19/turn               Y - ring of the Good {Wiz rN+ Str+6}

@: mighty, unable to read, very slow
A: inability to read while threatened
a: Renounce Religion, Bend Time, Temporal Distortion, Slouch, Step From Time


You were in the Dungeon.
You worshipped Cheibriados.
Cheibriados was exalted by your worship.
You visited 1 branch

Inventory:

Hand Weapons
 a - a +5 broad axe of flaming (weapon)
 b - a +5 fustibalus of freezing
 z - the +7 great mace "Firestarter" {inner flame, rF++}
   (You found it in the Dungeon)

   It burns those it strikes, dealing additional fire damage.
   It fills those it strikes with an explosive inner flame.
   It grants immunity to clouds of flame.
   rF:        It greatly protects you from fire.
 A - the +8 lance "Wyrmbane" {slay drac, rPois rF+ rC+ AC+3}
   (You found it in the Dungeon)

   It inflicts extra damage against dragons and draconians.
   AC:        It affects your AC (+3).
   rF:        It protects you from fire.
   rC:        It protects you from cold.
   rPois:     It protects you from poison.
 D - the +14 obsidian axe {vorpal, Mesm Drain Fly SInv}
   (You found it in the Dungeon)

   It inflicts extra damage upon your enemies.
   It occasionally summons demons to assist the wielder when it strikes in
   combat.
   Its wielder is mesmerised by any visible foes.
   It cannot be unequipped while any foes are visible.
   SInv:      It lets you see invisible.
   Fly:       It grants you flight.
   Drain:     It drains your maximum health when unequipped.
Armour
 c - +5 gold dragon scales (worn)
 t - the +2 ratskin cloak (worn) {*Rats rPois rN+ Str-1 Int-1 Dex+1}
   (You found it in the Dungeon)

   When the wearer is hurt, rats may emerge from it to assist them.
   Str:       It affects your strength (-1).
   Int:       It affects your intelligence (-1).
   Dex:       It affects your dexterity (+1).
   rPois:     It protects you from poison.
   rN:        It protects you from negative energy.
 x - the +2 hood of the Assassin (worn) {Detection Stab+ Stlth++}
   (You found it in the Dungeon)

   It allows the wearer to sense nearby creatures.
   It allows the wearer to make particularly effective stabbing attacks against
   helpless or unaware enemies with any weapon.
   Stlth:     It makes you much more stealthy.
 F - the +18 shield of the Gong (worn) {rElec rN+ Will+ EV-5}
   (You found it in the Dungeon)

   It is deafeningly noisy when blocking attacks.
   EV:        It affects your evasion (-5).
   rElec:     It insulates you from electricity.
   rN:        It protects you from negative energy.
   Will:      It increases your willpower.
Jewellery
 i - the ring "Zidgh" (left hand) {Will+ Str+6 Int+6 Dex-2}
   (You found it in the Dungeon)

   [ring of intelligence]

   Str:       It affects your strength (+6).
   Int:       It affects your intelligence (+6).
   Dex:       It affects your dexterity (-2).
   Will:      It increases your willpower.
 l - a ring of protection from cold
 n - an amulet of the acrobat
 o - a ring of see invisible
 p - the amulet of Vitality (around neck) {Regen+ HP+15}
   (You found it in the Dungeon)

   [amulet of regeneration]

   HP:        It affects your health (+15).
   Regen:     It increases your rate of health regeneration.
 r - the ring "Coyvuny" {rF+ Str+2}
   (You took it off a red draconian in the Dungeon)

   [ring of protection from fire]

   Str:       It affects your strength (+2).
   rF:        It protects you from fire.
 E - the ring of Xom's Flight of Fancy {rN+ EV+4}
   (You found it in the Dungeon)

   [ring of evasion]

   EV:        It affects your evasion (+4).
   rN:        It protects you from negative energy.
 S - the ring of Unopaics {rCorr Str+2 Dex+6}
   (You found it in the Dungeon)

   [ring of dexterity]

   Str:       It affects your strength (+2).
   Dex:       It affects your dexterity (+6).
   rCorr:     It protects you from acid and corrosion.
 U - the ring of Kemaitiyr {rN+ Slay+6}
   (You found it in the Dungeon)

   [ring of positive energy]

   Slay:      It affects your accuracy & damage with ranged weapons and melee
   (+6).
   rN:        It protects you from negative energy.
 W - a ring of poison resistance
 X - the ring "Ewic" {Fly Int+4}
   (You found it in the Dungeon)

   [ring of flight]

   Int:       It affects your intelligence (+4).
   Fly:       It grants you flight.
 Y - the ring of the Good (right hand) {Wiz rN+ Str+6}
   (You found it in the Dungeon)

   [ring of wizardry]

   It improves your spell success rate.
   Str:       It affects your strength (+6).
   rN:        It protects you from negative energy.
Wands
 L - a wand of mindburst (7)
 M - a wand of iceblast (6)
 N - a wand of acid (1)
Scrolls
 j - 4 scrolls of blinking
 G - 4 scrolls of amnesia
 H - 5 scrolls of fog
 I - 2 scrolls of holy word
 J - 5 scrolls of identify {@r1}
 K - 2 scrolls of fear
 V - 3 scrolls of brand weapon
Potions
 d - 2 potions of might
 e - 9 potions of curing
 f - a potion of heal wounds
 h - 7 potions of magic
 k - 2 potions of brilliance
 m - 3 potions of resistance
Miscellaneous
 q - a phantom mirror
 s - a box of beasts
 w - a lightning rod (4/4)
 R - a tin of tremorstones (2/2)
 T - a condenser vane


   Skills:
 - Level 20.8 Fighting
 - Level 18.5 Axes
 - Level 16.7 Slings
 - Level 19.1 Armour
 - Level 12.5 Dodging
 - Level 15.0 Shields
 + Level 10.0 Necromancy
 - Level 13.7 Invocations
 - Level 11.8 Evocations


You had 9 spell levels left.
You knew the following spells:

 Your Spells              Type           Power      Damage    Failure   Level
a - Vampiric Draining     Necr           28%        2d10      1%          3
b - Wereblood             Tmut           0%         N/A       26%         2

Your spell library contained the following spells:

 Spells                   Type           Power      Damage    Failure   Level
 Beastly Appendage        Tmut           0%         N/A       16%         1
 Foxfire                  Conj/Fire      0%         2x1d4     16%         1
 Sting                    Tmut/Pois      0%         1d3       16%         1
 Summon Small Mammal      Summ           0%         N/A       16%         1
 Ensorcelled Hibernation  Hex/Ice        0%         N/A       26%         2
 Passwall                 Tmut/Erth      0%         N/A       26%         2
 Scorch                   Fire           0%         2d5       26%         2
 Slow                     Hex            0%         N/A       26%         2
 Static Discharge         Conj/Air       0%         N/A       26%         2
 Confusing Touch          Hex            0%         N/A       43%         3
 Frozen Ramparts          Ice            0%         1d2       43%         3
 Gell's Gravitas          Tloc           0%         N/A       43%         3
 Inner Flame              Hex/Fire       0%         N/A       43%         3
 Lesser Beckoning         Tloc           0%         N/A       43%         3
 Mephitic Cloud           Conj/Pois/Air  0%         N/A       43%         3
 Ozocubu's Armour         Ice            0%         N/A       43%         3
 Spider Form              Tmut/Pois      0%         N/A       43%         3
 Summon Guardian Golem    Hex/Summ       0%         N/A       43%         3
 Swiftness                Air            0%         N/A       43%         3
 Teleport Other           Tloc           0%         N/A       43%         3
 Tukima's Dance           Hex            0%         N/A       43%         3
 Borgnjor's Vile Clutch   Necr/Erth      15%        N/A       50%         5
 Airstrike                Air            0%         N/A       82%         4
 Cause Fear               Hex            0%         N/A       82%         4
 Flame Wave               Conj/Fire      0%         3d3       82%         4
 Ice Form                 Ice/Tmut       0%         N/A       82%         4
 Olgreb's Toxic Radiance  Pois           0%         N/A       82%         4
 Passage of Golubria      Tloc           N/A        N/A       82%         4
 Sticky Flame             Conj/Fire      0%         2d3       82%         4
 Summon Lightning Spire   Summ/Air       0%         N/A       82%         4
 Simulacrum               Ice/Necr       15%        N/A       96%         6
 Fireball                 Conj/Fire      0%         3d3       98%         5
 Freezing Cloud           Conj/Ice/Air   0%         6-21      98%         5
 Irradiate                Conj/Tmut      0%         3d13      98%         5
 Iskenderun's Battlesphe  Conj           0%         2d6       98%         5
 Lee's Rapid Deconstruct  Erth           0%         3d5*      98%         5
 Lightning Bolt           Conj/Air       0%         1d11      98%         5
 Metabolic Englaciation   Hex/Ice        0%         N/A       98%         5
 Summon Forest            Summ/Tloc      0%         N/A       98%         5
 Summon Mana Viper        Hex/Summ       0%         N/A       98%         5
 Yara's Violent Unravell  Hex/Tmut       0%         3d3       98%         5
 Conjure Ball Lightning   Conj/Air       0%         3x3d6     100%        6
 Dispersal                Tloc           0%         N/A       100%        6
 Eringya's Noxious Bog    Tmut/Pois      0%         N/A       100%        6
 Invisibility             Hex            0%         N/A       100%        6
 Iron Shot                Conj/Erth      0%         9d1       100%        6
 Starburst                Conj/Fire      0%         6d3       100%        6
 Statue Form              Tmut/Erth      0%         N/A       100%        6
 Summon Cactus Giant      Summ           0%         N/A       100%        6
 Dragon Form              Tmut           0%         N/A       100%        7
 Orb of Destruction       Conj           0%         N/A       100%        7
 Ozocubu's Refrigeration  Ice            0%         4d5       100%        7
 Spellforged Servitor     Conj/Summ      0%         N/A       100%        7
 Storm Form               Tmut/Air       0%         N/A       100%        7
 Discord                  Hex            0%         N/A       100%        8
 Disjunction              Tloc           0%         N/A       100%        8
 Ignition                 Fire           0%         3d3       100%        8
 Maxwell's Capacitive Co  Air            0%         ∞         100%        8
 Necromutation            Tmut/Necr      15%        N/A       100%        8
 Chain Lightning          Conj/Air       0%         N/A       100%        9
 Dragon's Call            Summ           0%         N/A       100%        9
 Shatter                  Erth           0%         3d5*      100%        9


Dungeon Overview and Level Annotations

Branches:
Dungeon (1/1)

Altars:
Ashenzari
Cheibriados
Dithmenos
Elyvilon
Fedhas
Gozag
Hepliaklqana
Kikubaaqudgha
Makhleb
Nemelex Xobeh
Okawaru
Qazlal
Ru
Sif Muna
Trog
Uskayaw
Vehumet
Wu Jian
Xom
Yredelemnul
Zin
The Shining One
Beogh
Jiyva
Lugonu


Innate Abilities, Weirdness & Mutations

You sometimes lose the ability to read scrolls when taking damage.


Message History

You can feel time thicken for a moment.
The crystal guardian fires a crystalline bolt at you.
The crystal bolt freezes the iron golem.
The iron golem completely resists.
The crystal bolt freezes you! You resist.
* * * LOW HITPOINT WARNING * * *
The crystal bolt freezes the iron golem.
The iron golem completely resists.
You block the iron golem's attack.
BOUMMMMG!
You block the iron golem's attack.
BONNNG!
An iron golem comes into view.
You block the iron golem's attack.
GONNNNG!
The iron golem misses you. You block the iron golem's attack.
GONNNNG!
The iron golem hits you!!
* * * LOW HITPOINT WARNING * * *
You block the iron golem's attack.
PTOANNNG!
The iron golem hits you but does no damage.
You slash the iron golem!
The iron golem is almost destroyed.
You hit the iron golem but do no damage. x2
You slash the iron golem! You block the iron golem's attack.
GONNNNG!
You block the iron golem's attack.
GONNNNG!
The iron golem closely misses you. The iron golem misses you.
You barely miss the iron golem.
The iron golem is almost destroyed.
You hit the iron golem but do no damage. x2
You slice the iron golem!! You block the iron golem's attack.
GONNNNG!
You block the iron golem's attack.
PTOANNNG!
The iron golem hits you but does no damage.
The iron golem hits you.
* * * LOW HITPOINT WARNING * * *
The iron golem closely misses you. The iron golem hits you!
You die...

.8▓ ...........▓.............
._▓
......99.9...▓.............
.8▓
.......9....§§▓.............
._▓
.........99.§§▓.............
.8▓
...........{9○▓..▓.......▓..
._▓
.........{{DE▓.▓▓▓.††††▓▓▓.
.8▓
▓.....{.▓{99▓..▓.......▓..
._▓ .
▓▓....{▓▓▓99▓.............
_8▓
...▓......{▓@9D▓......©......
▓▓▓
...........9.9.▓▓▓▓▓▓▓▓▓▓▓▓▓▓
.......©.......▓"....8©8....[
▓▓▓▓▓▓▓▓▓▓▓▓▓▓▓▓=.:..)..)))=.
▓)..:.[.})....


{{{{{{{{{{ ▓)............ {{{{{{{{{{ ▓)............ ▓.............
▓............. You could see 7 iron golems, 2 iron dragons, a crystal guardian
and an earth elemental.

Vanquished Creatures
  2 Orb Guardians (D)
  A quicksilver dragon (D)
  A deep elf blademaster (D)
  An acid blob (D)
  A death cob (D)
  3 rockslimes (D)
  A storm dragon (D)
  An azure jelly (D)
  A draconian knight (D)
  2 deep elf sorcerers (D)
  2 draconian monks (D)
  A draconian annihilator (D)
  A quicksilver ooze (D)
  2 very ugly things (D)
  5 green draconians (D)
  4 black draconians (D)
  A wendigo (D)
  4 red draconians (D)
  2 white draconians (D)
  4 purple draconians (D)
  3 crystal guardians (D)
  A great orb of eyes (D)
  2 hydras (D)
  A spriggan air mage (D)
  2 dancing weapons (D)
  A shock serpent (shapeshifter) (D)
  A spriggan berserker (D)
  A death yak (D)
  2 deep elf knights (D)
  3 soul eaters (D)
  A swamp dragon (shapeshifter) (D)
  2 glowing orange brains (D)
  A glowing orange brain (shapeshifter) (D)
  2 deep elf archers (D)
  2 cyclopes (shapeshifter) (D)
  2 shining eyes (D)
  4 slime creatures (D)
  2 cyclopes (D)
  An elephant (shapeshifter) (D)
  A torpor snail (D)
  A naga mage (D)
  A gargoyle (D)
  An eye of devastation (D)
  2 cane toads (D)
  A rime drake (D)
  A komodo dragon (shapeshifter) (D)
  A komodo dragon (D)
  7 merfolk (D)
  A wind drake (D)
  A blink frog (D)
  2 wyverns (D)
  A tarantella (shapeshifter) (D)
  A hog (shapeshifter) (D)
  A yak (D)
  2 spriggans (D)
  A water elemental (D)
  A golden eye (D)
  A basilisk (D)
  2 neqoxecs (D)
  3 nagas (D)
  A floating eye (D)
  6 water moccasins (D)
  3 swamp drakes (D)
  2 wolves (D)
  7 centaurs (D)
  2 earth elementals (D)
  2 crimson imps (D)
  3 jellies (D)
  An iron imp (D)
  3 iguanas (D)
  2 adders (D)
  2 river rats (D)
  2 white imps (D)
  A spectral adder (D)
  An adder skeleton (D)
  An adder simulacrum (D)
  3 ball pythons (D)
  A bat skeleton (D)
  4 endoplasms (D)
  4 ball python simulacra (D)
  2 ball python skeletons (D)
  2 ball python zombies (D)
  3 bat simulacra (D)
  A quokka skeleton (D)
  A spectral ball python (D)
167 creatures vanquished.

Vanquished Creatures (collateral kills)
  A deep elf annihilator (D)
1 creature vanquished.

Vanquished Creatures (others)
  A purple draconian (D)
  An adder simulacrum (D)
2 creatures vanquished.

Grand Total: 170 creatures vanquished

Notes
Turn   | Place    | Note
-------+----------+-------------------------------------------
     0 | D        | dolemite99 the Hill Orc Fighter began the quest for the
                  | Orb.
     0 | D        | Reached XP level 1. HP: 19/19 MP: 1/1
     0 | D        | Found a shimmering blue altar of Sif Muna.
     0 | D        | Found a sacrificial altar of Ru.
     0 | D        | Found a bloodstained altar of Trog.
     0 | D        | Found a stormy altar of Qazlal.
     0 | D        | Found an iron altar of Okawaru.
     0 | D        | Found a sparkling altar of Nemelex Xobeh.
     0 | D        | Found a blossoming altar of Fedhas.
     0 | D        | Found the +6 Majin-Bo {vamp, MP+6 Int+6}
     0 | D        | Found the +9 heavy crossbow "Sniper" {vorpal, Acc+∞ SInv}
     0 | D        | Found the +10 dark maul {vorpal}
     0 | D        | Found the +15 Maxwell's patent armour {-Cast -Tele rElec
                  | Will+ rCorr}
     0 | D        | Found the +18 shield of the Gong {rElec rN+ Will+ EV-5}
     0 | D        | Found the +14 obsidian axe {vorpal, Mesm Drain Fly SInv}
     0 | D        | Found the +7 great mace "Firestarter" {inner flame, rF++}
     0 | D        | Found the +6 shillelagh "Devastator" {shatter}
     0 | D        | Found the +11 plutonium sword {Contam Stlth-}
     0 | D        | Found the +8 lance "Wyrmbane" {slay drac, rPois rF+ rC+
                  | AC+3}
     0 | D        | Found the +9 sword of Zonguldrok {reap}
     0 | D        | Found the +13 scythe of Curses {drain, Drain}
     0 | D        | Found the +5 sword of Power {vorpal}
     0 | D        | Found the +7 mace of Variability {chain chaos}
     0 | D        | Found the +7 Singing Sword {vorpal, sonic wave}
     0 | D        | Found the +8 storm bow {elec, penet}
     2 | D        | Found an ancient bone altar of Kikubaaqudgha.
     2 | D        | Found a transporter.
     2 | D        | Found a corrupted altar of Lugonu.
     2 | D        | Found a viscous altar of Jiyva.
     2 | D        | Found a burning altar of Makhleb.
     2 | D        | Found a hazy altar of Hepliaklqana.
     2 | D        | Found an opulent altar of Gozag.
    31 | D        | Became a worshipper of Cheibriados the Contemplative
    85 | D        | Reached skill level 6 in Fighting
    85 | D        | Reached skill level 5 in Shields
    85 | D        | Reached XP level 2. HP: 30/30 MP: 2/2
   139 | D        | Entered arena 2.
   139 | D        | Found a transporter.
   143 | D        | Reached XP level 3. HP: 38/38 MP: 3/3
   152 | D        | Entered arena 3.
   152 | D        | Found a transporter.
   157 | D        | Reached * piety under Cheibriados
   158 | D        | Reached skill level 7 in Fighting
   158 | D        | Reached XP level 4. HP: 44/47 MP: 4/4
   159 | D        | Reached ** piety under Cheibriados
   160 | D        | Reached skill level 5 in Armour
   160 | D        | Reached XP level 5. HP: 50/53 MP: 5/5
   165 | D        | Got Ereshkigal's Tome of Attacks
   169 | D        | Entered arena 4.
   169 | D        | Found the +2 robe of Vines {NoPotionHeal Regen+++}
   169 | D        | Noticed a wolf
   169 | D        | Noticed a spriggan
   169 | D        | Noticed a wolf
   169 | D        | Noticed a spriggan
   169 | D        | Found a transporter.
   178 | D        | Killed a spriggan
   179 | D        | Reached skill level 9 in Fighting
   179 | D        | Reached XP level 6. HP: 31/63 MP: 6/6
   182 | D        | Killed a spriggan
   183 | D        | Reached skill level 10 in Axes
   184 | D        | Reached *** piety under Cheibriados
   185 | D        | Reached skill level 10 in Fighting
   185 | D        | Reached XP level 7. HP: 54/72 MP: 7/7
   459 | D        | Entered arena 5.
   459 | D        | Found a transporter.
   463 | D        | Reached **** piety under Cheibriados
   495 | D        | Entered arena 6.
   495 | D        | Found a transporter.
   498 | D        | Reached ***** piety under Cheibriados
   500 | D        | Reached skill level 5 in Invocations
   504 | D        | Got the ring of Unopaics {rCorr Str+2 Dex+6}
   519 | D        | Entered arena 7.
   519 | D        | Found the +3 giant club "Skullcrusher" {speed, Str+7}
   519 | D        | Noticed a rime drake
   519 | D        | Noticed a wyvern
   519 | D        | Noticed a wyvern
   521 | D        | Killed a wyvern
   521 | D        | Killed a wyvern
   522 | D        | Reached XP level 8. HP: 81/81 MP: 6/15
   522 | D        | Killed a rime drake
   522 | D        | Reached ****** piety under Cheibriados
   523 | D        | Reached XP level 9. HP: 86/86 MP: 1/19
   523 | D        | Found a transporter.
   529 | D        | Got the +4 hunting sling "Iniun" {vorpal, rElec}
   808 | D        | Entered arena 8.
   815 | D        | Found a transporter.
   817 | D        | Reached skill level 5 in Evocations
   896 | D        | Got the ring "Qyclefyoso" {rPois rC- Str+4 Dex+2 Stlth+}
   914 | D        | Entered arena 9.
   914 | D        | Noticed a naga mage
   915 | D        | Found a transporter.
   917 | D        | Reached skill level 11 in Fighting
   920 | D        | Killed a naga mage
   921 | D        | Reached skill level 12 in Fighting
   921 | D        | Reached skill level 10 in Armour
  1053 | D        | Got the ring of Kemaitiyr {rN+ Slay+6}
  1080 | D        | Entered arena 10.
  1080 | D        | Found the +2 hood of the Assassin {Detection Stab+ Stlth++}
  1080 | D        | Noticed a merfolk
  1080 | D        | Noticed a wind drake
  1080 | D        | Noticed a merfolk
  1080 | D        | Noticed a merfolk
  1089 | D        | Killed a wind drake
  1089 | D        | Found a transporter.
  1090 | D        | Reached XP level 10. HP: 64/99 MP: 9/20
  1098 | D        | Reached skill level 15 in Axes
  1387 | D        | Entered arena 11.
  1387 | D        | Noticed a cyclops
  1387 | D        | Noticed a cyclops
  1391 | D        | Found a transporter.
  1395 | D        | Killed a cyclops
  1397 | D        | Killed a cyclops
  1536 | D        | Got the Incunabulum of the Rat
  1538 | D        | Got Tozxiz's Papyrus of Supportive Conjuration
  1559 | D        | Entered arena 12.
  1559 | D        | Noticed a wendigo
  1559 | D        | Paralysed by a wendigo for 1 turns
  1564 | D        | Paralysed by a wendigo for 1 turns
  1569 | D        | Paralysed by a wendigo for 1 turns
  1571 | D        | Killed a wendigo
  1572 | D        | Reached skill level 10 in Shields
  1572 | D        | Reached XP level 11. HP: 50/105 MP: 19/21
  1775 | D        | Found a transporter.
  1787 | D        | Got the ring "Ewic" {Fly Int+4}
  1789 | D        | Got the ring of the Good {Wiz rN+ Str+6}
  1791 | D        | Got the +0 plate armour "Afeg Lat" {*Corrode rC+ Str+4
                  | Int+6}
  1800 | D        | Entered arena 13.
  1800 | D        | Noticed a purple draconian
  1800 | D        | Noticed a black draconian
  1800 | D        | Noticed a purple draconian monk
  1800 | D        | Noticed a white draconian knight
  1800 | D        | Noticed a green draconian
  1800 | D        | Noticed a purple draconian
  1800 | D        | Noticed a green draconian
  1800 | D        | Noticed a green draconian
  1801 | D        | Noticed a purple draconian
  1802 | D        | Noticed a black draconian
  1802 | D        | Noticed a purple draconian
  1803 | D        | Killed a white draconian knight
  1805 | D        | Killed a purple draconian
  1805 | D        | Killed a green draconian
  1805 | D        | Killed a purple draconian monk
  1805 | D        | Killed a black draconian
  1805 | D        | Killed a purple draconian
  1805 | D        | Killed a purple draconian
  1805 | D        | Killed a green draconian
  1806 | D        | Reached skill level 15 in Shields
  1806 | D        | Reached skill level 10 in Evocations
  1806 | D        | Reached skill level 14 in Fighting
  1806 | D        | Reached XP level 12. HP: 59/118 MP: 2/22
  1806 | D        | Killed a black draconian
  1807 | D        | Reached skill level 15 in Fighting
  1807 | D        | Killed a green draconian
  1810 | D        | Killed a purple draconian
  1811 | D        | Reached skill level 16 in Fighting
  2007 | D        | Found a transporter.
  2062 | D        | Learned a level 3 spell: Vampiric Draining
  2068 | D        | Entered arena 14.
  2069 | D        | Noticed a soul eater
  2069 | D        | Noticed a soul eater
  2071 | D        | Noticed a soul eater
  2073 | D        | Killed a soul eater
  2075 | D        | Killed a soul eater
  2076 | D        | Reached skill level 15 in Armour
  2079 | D        | Killed a soul eater
  2080 | D        | Found a transporter.
  2087 | D        | Got the ring "Zidgh" {Will+ Str+6 Int+6 Dex-2}
  2117 | D        | Entered arena 15.
  2118 | D        | Noticed a deep elf sorcerer
  2118 | D        | Noticed a deep elf annihilator
  2118 | D        | Noticed a deep elf knight
  2118 | D        | Found the amulet of Vitality {Regen+ HP+15}
  2118 | D        | Noticed a deep elf blademaster
  2118 | D        | Found the ring of the Octopus King {rCorr AC+1 EV+1 Str+1
                  | Int+1 Dex+1}
  2118 | D        | Noticed a deep elf sorcerer
  2120 | D        | Reached skill level 17 in Fighting
  2120 | D        | Noticed a deep elf knight
  2121 | D        | Killed a deep elf knight
  2121 | D        | Killed a deep elf blademaster
  2121 | D        | Killed a deep elf sorcerer
  2122 | D        | Reached skill level 18 in Fighting
  2122 | D        | Reached XP level 13. HP: 136/136 MP: 7/23
  2122 | D        | Killed a deep elf sorcerer
  2123 | D        | Reached skill level 19 in Fighting
  2126 | D        | Identified the +7 glaive of Erequav {venom, Int+4}
  2127 | D        | Killed a deep elf annihilator
  2142 | D        | Found a transporter.
  2340 | D        | Entered arena 16.
  2344 | D        | Learned a level 2 spell: Wereblood
  2357 | D        | Identified the ring of Qerur {Fly rN+ Str+3 Int+2 Dex+6}
  2382 | D        | Found a transporter.
  2400 | D        | Got the ring of Xom's Flight of Fancy {rN+ EV+4}
  2405 | D        | Got Emeuly's Guide on the Glacial Compass
  2429 | D        | Entered arena 17.
  2432 | D        | Noticed a red very ugly thing
  2433 | D        | Noticed a cyan very ugly thing
  2443 | D        | Killed a red very ugly thing
  2444 | D        | Reached skill level 10 in Dodging
  2444 | D        | Gained mutation: You sometimes lose the ability to read
                  | scrolls when taking damage. [a shining eye]
  2447 | D        | Paralysed by a floating eye for 2 turns
  2451 | D        | Killed a cyan very ugly thing
  2457 | D        | Reached XP level 14. HP: 122/147 MP: 14/24
  2586 | D        | Found a transporter.
  2593 | D        | Got the Compendium of Twisted Confrontation
  2595 | D        | Got Paoshraedgh's Incunabulum of Mutagenic Stones
  2603 | D        | Got the Compendium of the Glacial Arsonist
  2624 | D        | Entered arena 18.
  2628 | D        | Noticed a green draconian annihilator
  2628 | D        | Noticed a storm dragon
  2628 | D        | Noticed an Orb Guardian
  2628 | D        | Noticed a red draconian
  2628 | D        | Noticed an Orb Guardian
  2628 | D        | Noticed a black draconian
  2628 | D        | Noticed a green draconian
  2628 | D        | Noticed a red draconian
  2628 | D        | Noticed a purple draconian
  2628 | D        | Noticed a white draconian monk
  2628 | D        | Noticed a death cob
  2628 | D        | Noticed a quicksilver dragon
  2628 | D        | Identified the ring "Coyvuny" {rF+ Str+2}
  2628 | D        | Noticed a red draconian
  2628 | D        | Noticed a white draconian
  2628 | D        | Noticed a white draconian
  2628 | D        | Noticed a black draconian
  2630 | D        | Noticed a red draconian
  2631 | D        | Killed a death cob
  2633 | D        | Noticed a green draconian
  2635 | D        | Killed an Orb Guardian
  2639 | D        | Killed a storm dragon
  2640 | D        | Killed an Orb Guardian
  2641 | D        | Reached skill level 10 in Slings
  2641 | D        | Killed a red draconian
  2641 | D        | Killed a white draconian
  2642 | D        | Killed a purple draconian
  2643 | D        | Killed a black draconian
  2644 | D        | Killed a white draconian monk
  2645 | D        | Killed a black draconian
  2647 | D        | Killed a quicksilver dragon
  2647 | D        | Killed a red draconian
  2648 | D        | Killed a red draconian
  2649 | D        | Reached skill level 15 in Slings
  2649 | D        | Killed a green draconian
  2651 | D        | Killed a white draconian
  2652 | D        | Killed a red draconian
  2658 | D        | Killed a green draconian
  2662 | D        | Killed a green draconian annihilator
  2794 | D        | Found a transporter.
  2800 | D        | Got the ring of Light {Fly rF- rCorr Int+8 Dex+9}
  2864 | D        | Entered arena 19.
  2867 | D        | Noticed an acid blob
  2867 | D        | Noticed an azure jelly
  2867 | D        | Noticed a rockslime
  2867 | D        | Noticed a rockslime
  2867 | D        | Noticed a quicksilver ooze
  2870 | D        | Killed a quicksilver ooze
  2873 | D        | Noticed a rockslime
  2874 | D        | Killed an acid blob
  2875 | D        | Reached skill level 20 in Fighting
  2875 | D        | Reached XP level 15. HP: 155/155 MP: 20/25
  2875 | D        | Killed an azure jelly
  2875 | D        | Killed a rockslime
  2875 | D        | Killed a rockslime
  2880 | D        | Reached skill level 5 in Necromancy
  2881 | D        | Killed a rockslime
  3062 | D        | Found the +2 ratskin cloak {*Rats rPois rN+ Str-1 Int-1
                  | Dex+1}
  3063 | D        | Found a transporter.
  3069 | D        | Got the Papyrus of Earthen Poisoning
  3129 | D        | Entered arena 20.
  3439 | D        | Found the +4 dagger "Morg" {pain, Will+ Int+5}
  3455 | D        | Reached skill level 10 in Necromancy
  3457 | D        | Noticed an iron dragon
  3467 | D        | Noticed a quicksilver dragon
  3469 | D        | HP: 6/172 [iron golem (33)]
  3470 | D        | Noticed an iron dragon
  3475 | D        | HP: 6/172 [iron golem (5)]
  3475 | D        | Mangled by an iron golem

Illustrated notes

Levels and vault maps discovered:
D:        sprint_v [room_start, room_1, room_2, room_3, room_4, room_5, room_6,
          room_7, room_8, room_9, room_10, room_11, room_12, room_13, room_14,
          room_15, room_16, room_17, room_18, room_19, room_20, room_21,
          room_22, room_23, room_24, room_25, room_26, room_27]

Skill      XL: |  1  2  3  4  5  6  7  8  9 10 11 12 13 14 15 |
---------------+----------------------------------------------+-----
Fighting       | 6 7 9 10 12 14 18 19 20 | 20.8
Axes           | 6 7 8 9 10 11 13 18 | 18.5
Shields        | 5 6 7 8 9 10 15 | 15.0
Armour         | 4 5 6 8 10 13 16 18 19 | 19.1
Invocations    | 9 13 | 13.7
Evocations     | 6 7 10 11 | 11.8
Dodging        | 12 | 12.5
Slings         | 16 | 16.7
Necromancy     | 10 | 10.0

Action                   |  1- 3 |  4- 6 |  7- 9 | 10-12 | 13-15 || total
-------------------------+-------+-------+-------+-------+-------++-------
Melee: War axe           |     6 |    13 |    23 |     8 |       ||    50
       Broad axe         |       |       |       |    11 |    75 ||    86
Invok: Slouch            |       |       |     4 |    12 |    14 ||    30
       Temporal Distorti |       |       |       |     2 |     2 ||     4
       Bend Time         |       |       |       |     1 |       ||     1
       Step From Time    |       |       |       |       |     1 ||     1
Evoke: Wand              |       |       |     2 |     3 |     2 ||     7
       Tin of tremorston |       |       |     3 |     5 |     5 ||    13
       Condenser vane    |       |       |       |       |     5 ||     5
       Box of beasts     |       |       |       |       |     1 ||     1
  Use: Potion            |     3 |     3 |     3 |     2 |    10 ||    21
       Scroll            |       |       |     1 |     1 |     2 ||     4
 Stab: Invisible         |     1 |       |       |       |       ||     1
Armor: Gold dragon scale |     6 |    23 |    18 |    13 |    51 ||   111
Dodge: Dodged            |     2 |    12 |    12 |     2 |    37 ||    65
Block: Kite shield       |     2 |    30 |    40 |    18 |   124 ||   214

Table legend: (Time is in decaauts)
 A = Elapsed time spent in this place.
 B = Non-inter-level travel time spent in this place.
 C = Inter-level travel time spent in this place.
 D = Time resting spent in this place.
 E = Time spent auto-exploring this place.
 F = Levels seen in this place.
 G = Mean time per level.
                   A        B        C        D        E       F      G
               +--------+--------+--------+--------+--------+-----+--------+
         Total |   3970 |   3970 |      0 |   2237 |    152 |   1 | 3970.0 |
       Dungeon |   3970 |   3970 |      0 |   2237 |    152 |   1 | 3970.0 |
               +--------+--------+--------+--------+--------+-----+--------+

Top non-repeatable levels by time:
       D: 3970 daAuts
